 Dungeon Crawl Stone Soup version 0.23.2-1-ga50397a (webtiles) character file.

Game seed: 4007313117188793919

222 r3xj the Covered (level 5, 0/47 HPs)
             Began as a Minotaur Fighter on May 30, 2019.
             Was an Initiate of Ru.
             Killed from afar by Sigmund (5 damage)
             ... with a magic dart
             ... on level 4 of the Dungeon.
             The game lasted 00:13:43 (1748 turns).

r3xj the Covered (Minotaur Fighter)                 Turns: 1748, Time: 00:13:44

Health: 0/47       AC: 13    Str: 21    XL:     5   Next: 66%
Magic:  4/4        EV:  4    Int:  5    God:    Ru [......]
Gold:   136        SH:  9    Dex: 10    Spells: 4/4 levels left

rFire    . . .     SeeInvis .   a - +0 long sword
rCold    . . .     Gourm    .   c - +0 shield
rNeg     . . .     Faith    .   p - +0 plate armour
rPois    .         Spirit   .   (helmet restricted)
rElec    .         Reflect  .   (no cloak)
rCorr    .         Harm     .   t - +0 pair of gloves
MR       .....                  (no boots)
Stlth    ..........             (no amulet)
HPRegen  0.15/turn              A - ring of wizardry
MPRegen  0.09/turn              (no ring)

@: no status effects
A: retaliatory headbutt, horns 2
a: Renounce Religion


You were on level 4 of the Dungeon.
You worshipped Ru.
Ru was noncommittal.
You were not hungry.

You visited 1 branch of the dungeon, and saw 4 of its levels.

You collected 136 gold pieces.

Inventory:

Hand Weapons
 a - a +0 long sword (weapon)
 s - a +2 dagger of draining
 u - a +0 rapier
 v - a +0 hunting sling
 y - a +0 falchion
Missiles
 n - a throwing net (quivered)
Armour
 b - a +0 scale mail
 c - a +0 shield (worn)
 i - a +0 ring mail
 o - a +0 helmet
 p - a +0 plate armour (worn)
 t - a +0 pair of gloves (worn)
 C - a +0 helmet
Jewellery
 A - a ring of wizardry (left hand)
Scrolls
 e - a scroll of random uselessness {unknown}
 h - 2 scrolls of teleportation {unknown}
 j - a scroll of fear {unknown}
 k - a scroll of noise {unknown}
 m - 2 scrolls of amnesia {unknown}
 x - a scroll of fog {unknown}
 z - a scroll of blinking {unknown}
 B - a scroll of identify {unknown}
Potions
 d - a potion of might
 g - 5 potions of curing {unknown}
 l - 2 potions of lignification {unknown}
 q - 3 potions of heal wounds {unknown}
 r - a potion of invisibility {unknown}
 w - a potion of berserk rage {unknown}
Comestibles
 f - 3 rations


   Skills:
 + Level 4.6 Fighting
 + Level 4.1 Long Blades
 + Level 5.4 Armour
 + Level 0.1 Dodging
 + Level 0.1 Stealth
 + Level 4.8 Shields


You had 4 spell levels left.
You didn't know any spells.
Your spell library was empty.

Dungeon Overview and Level Annotations

Branches:
Dungeon (4/15)
 Temple: D:4-7

Altars:
Ru
Sif Muna
Uskayaw

Annotations:
D:4 Sigmund


Innate Abilities, Weirdness & Mutations

You reflexively headbutt those who attack you in melee.
You have a pair of horns on your head.


Message History

The hound is heavily wounded.
The hound bites you. The hound bites you but does no damage.
You hit the hound.
The hound is severely wounded.
The hound barely misses you. The hound bites you.
You closely miss the hound.
The hound is severely wounded.
You block the ogre's attack.
The hound bites you but does no damage. x2
You hit the hound but do no damage. You headbutt the hound.
You kill the hound!
The ogre hits you with a +0 giant club!!
The frilled lizard bites you but does no damage.
The ogre hits you with a +0 giant club!!
* * * LOW HITPOINT WARNING * * *
The frilled lizard bites you but does no damage.
Sigmund the Dreaded comes into view.
He is wielding a +0 scythe.
Sigmund shouts!
You hear an angry hiss.
Sigmund points at you and mumbles some strange words.
The magic dart hits you.
You die...

....##......#####......
.............#....)....
...............#........
..............##........
.................#..#.##
................†......#
...............###......
.............O###....##
...............l@....#
...........##..#.#...#
........####.....# @.#
........# #..........#
..).....# #............
######.###........... #.
.......#........
###.#.........
#..........


You could see Sigmund, an ogre and a frilled lizard.

Vanquished Creatures
  A howler monkey (D:4)
  A hound (D:4)
  Ijyb (D:3)
  2 worker ants
  An adder (D:4)
  An ooze (D:1)
  3 worms (D:2)
  4 leopard geckos
  2 orcs (D:3)
  5 bats
  5 giant cockroaches
  6 goblins
  5 hobgoblins
  3 frilled lizards
  8 kobolds
  8 rats
  A plant (D:3)
57 creatures vanquished.

Notes
Turn   | Place    | Note
-------+----------+-------------------------------------------
     0 | D:1      | r3xj the Minotaur Fighter began the quest for the Orb.
     0 | D:1      | Reached XP level 1. HP: 19/19 MP: 0/0
    98 | D:1      | Reached XP level 2. HP: 27/27 MP: 1/1
   242 | D:1      | Reached skill level 4 in Armour
   473 | D:1      | Reached XP level 3. HP: 30/33 MP: 2/2
   787 | D:2      | Reached XP level 4. HP: 41/41 MP: 3/3
  1322 | D:3      | Found a hide-covered altar of Uskayaw.
  1322 | D:3      | Found a deep blue altar of Sif Muna.
  1323 | D:3      | Found a sacrificial altar of Ru.
  1364 | D:3      | Became a worshipper of Ru the Awakened
  1422 | D:3      | Noticed Ijyb
  1450 | D:3      | Killed Ijyb
  1623 | D:3      | Reached XP level 5. HP: 44/47 MP: 4/4
  1726 | D:4      | Reached skill level 5 in Armour
  1736 | D:4      | Noticed an ogre
  1748 | D:4      | Noticed Sigmund
  1748 | D:4      | Killed from afar by Sigmund

Skill      XL: |  1  2  3  4  5 |
---------------+----------------+-----
Shields        | 4 |  4.8
Fighting       | 4 |  4.6
Armour         | 4 5 |  5.4
Long Blades    | 3 4 |  4.1
Dodging        | |  0.1
Stealth        | |  0.1

Action                   |  1- 3 |  4- 6 || total
-------------------------+-------+-------++-------
Melee: Long sword        |    60 |   110 ||   170
       Headbutt          |    12 |    22 ||    34
  Eat: Ration            |       |     1 ||     1
Armor: Scale mail        |    16 |       ||    16
       Plate armour      |     2 |    57 ||    59
Dodge: Dodged            |    18 |    17 ||    35
Block: Shield            |    30 |    31 ||    61
       Rpst.: Long sword |     4 |     5 ||     9
